 Dungeon Sprint DCSS version 0.17-a0-1830-g81820eb (webtiles) character file.

76 Kidiri the Shield-Bearer (level 4, -3/30 HPs)
             Began as a Gargoyle Fighter on Sept 13, 2015.
             Slain by a water elemental (12 damage)
             ... in the Dungeon (Sprint III: "The Ten Rune Challenge").
             The game lasted 00:01:16 (454 turns).

Kidiri the Shield-Bearer (Gargoyle Fighter)          Turns: 454, Time: 00:01:16

Health: -3/30      AC: 11    Str: 18    XL:     4   Next: 32%
Magic:  4/4        EV:  8    Int:  8    God:
Gold:   25         SH:  9    Dex: 10    Spells: 0 memorised, 3 levels left

rFire  . . .     SeeInvis +     a - +0 flail
rCold  . . .     Clarity  .     b - +0 scale mail
rNeg   + . .     SustAt   .     c - +0 shield
rPois  ∞         Gourm    .     (helmet restricted)
rElec  +         Spirit   .     (no cloak)
rCorr  .         Warding  .     (no gloves)
rMut   .         NoTele   +     (no boots)
MR     .....                    (no amulet)
Stlth  ..........               (no ring)
                                (no ring)

@: not resistant to hostile enchantments, extremely unstealthy
A: antennae 1, see invisible, blink, negative energy resistance 1, sense
surroundings 1, electricity resistance, weak 1, unbreathing, petrification
resistance, rot immunity, AC +3
a: Blink


You were in the Dungeon.
You were not hungry.

You visited 1 branch You collected 25 gold pieces.

Inventory:

Hand weapons
 a - a +0 flail (weapon)
Armour
 b - a +0 scale mail (worn)
 c - a +0 shield (worn)
Scrolls
 k - a scroll of blinking
 n - a scroll of holy word {unknown}
 o - a scroll of immolation {unknown}
 p - 3 scrolls of remove curse
 t - a scroll of torment {unknown}
 u - a scroll of identify {unknown}
Potions
 d - a potion of might
 f - a potion of curing
 g - a potion of heal wounds
 h - a potion of haste
 i - 2 potions of magic
 j - a potion of berserk rage
 r - 3 potions of cure mutation
 s - 2 potions of flight {unknown}
Comestibles
 e - a bread ration
 q - 5 fruits
 v - a meat ration


   Skills:
 + Level 4.5 Fighting
 * Level 4.4 Maces & Flails
 * Level 5.5 Armour
 + Level 1.9 Dodging
 * Level 5.5 Shields


You had 3 spell levels left.
You didn't know any spells.

Dungeon Overview and Level Annotations

Branches:
Dungeon (1/1)

Altars:


Innate Abilities, Weirdness & Mutations

You are resistant to torment.
Your stone body is resilient (AC +3).
You are immune to poison.
You resist negative energy.
You are resistant to electric shocks.
You can survive without breathing.
You are immune to petrification.
You are immune to rotting.
You have a pair of small antennae on your head.
You have supernaturally acute eyesight.
You can translocate small distances at will.
You passively map a small area around you.
You are weak. (Str -2)


Message History

With effort, you pull free of the water engulfing you.
The water engulfing you falls away.
You hit the water elemental.
The water elemental is heavily damaged.
The water elemental hits you!
The water elemental engulfs you in water!
With effort, you pull free of the water engulfing you.
The water engulfing you falls away. The water elemental closely misses you.
You hit the water elemental but do no damage.
The water elemental is heavily damaged.
You block the water elemental's attack.
Your shield and scale mail prevent you from hitting the water elemental.
The water elemental is heavily damaged.
The water elemental hits you!
* * * LOW HITPOINT WARNING * * *
Unknown command.
You barely miss the water elemental.
The water elemental is heavily damaged.
The water elemental hits you!
You die...

▓..##.......#..#..#,
▓##.##.##...#..#..###+#+#
##.##.###..##+#..#......
▓#.####.##..###...'.⌠....,
,
▓.###..##.)####...#...###
▓#.....##..###....#,⌠.#_
###..##...##.....# ,.# _
##..##....#E.....# **#_
#..###..##@#.....# * #[.#
#..#####....# ▓▓▓▓ ▓▓▓▓
▓▓▓▓▓▓ , , ≈ ≈ ≈ ≈ * *≈ ≈*
*


You could see a water elemental.

Vanquished Creatures
  Jessica (D)
  A wolf (D)
  A human (D)
  2 oozes (D)
  A rat (D)
6 creatures vanquished.

Vanquished Creatures (others)
  2 draconian scorchers (D)
  A yaktaur (D)
3 creatures vanquished.

Grand Total: 9 creatures vanquished

Notes
Turn   | Place    | Note
--------------------------------------------------------------
     0 | D        | Kidiri the Gargoyle Fighter began the quest for the Orb.
     0 | D        | Reached XP level 1. HP: 14/14 MP: 1/1
    13 | D        | Reached skill level 4 in Armour
    13 | D        | Reached XP level 2. HP: 14/19 MP: 2/2
    16 | D        | Killed a yaktaur
   117 | D        | Noticed Jessica
   121 | D        | Killed Jessica
   121 | D        | Reached skill level 1 in Dodging
   121 | D        | Reached XP level 3. HP: 22/24 MP: 3/3
   133 | D        | Killed a white draconian scorcher
   154 | D        | Killed a white draconian scorcher
   176 | D        | Noticed a wolf
   180 | D        | Killed a wolf
   180 | D        | Reached skill level 5 in Armour
   180 | D        | Reached skill level 5 in Shields
   180 | D        | Reached XP level 4. HP: 21/30 MP: 4/4
   230 | D        | Gained mutation: You have supernaturally acute eyesight. [potion of mutation]
   230 | D        | Gained mutation: You passively map a small area around you. [potion of mutation]
   230 | D        | Gained mutation: You are weak. (Str -2) [potion of mutation]
   231 | D        | Gained mutation: You can translocate small distances at will. [potion of mutation]
   231 | D        | Gained mutation: You have a pair of small antennae on your head. [potion of mutation]
   442 | D        | Noticed a water elemental
   454 | D        | Slain by a water elemental

Vault maps used:
D:        dungeon_sprint_mu

Action                   |  1- 3 |  4- 6 || total
-------------------------+-------+-------++-------
Melee: Flail             |    14 |    34 ||    48
  Use: Potion            |       |     2 ||     2
